 Dungeon Sprint DCSS version 0.26-a0-846-gcc8f1ee719 (webtiles) character file.

Game seed: 4966215691220098496

32 rocky1 the Chiller (level 3, -1/24 HPs)
             Began as a Demonspawn Ice Elementalist on Nov 20, 2020.
             Was a Believer of Sif Muna.
             Shot with an arrow by a centaur (9 damage)
             ... in the Dungeon (Sprint VII: "The Pits").
             The game lasted 00:03:54 (745 turns).

rocky1 the Chiller (Demonspawn Ice Elementalist)     Turns: 745, Time: 00:03:54

Health: -1/24      AC:  2    Str:  8    XL:     3   Next: 8%
Magic:  3/6        EV: 12    Int: 19    God:    Sif Muna [**....]
Gold:   0          SH:  0    Dex: 13    Spells: 2/6 levels left

rFire    . . .     SeeInvis .   n - +0 long sword (flame)
rCold    . . .     Faith    .   (no shield)
rNeg     . . .     Spirit   .   a - +0 robe
rPois    .         Reflect  .   (no helmet)
rElec    .         Harm     .   (no cloak)
rCorr    .         Rampage  .   (no gloves)
MR       .....     NoTele   +   (no boots)
Stlth    ++........             (no amulet)
HPRegen  0.08/turn              (no ring)
MPRegen  0.10/turn              (no ring)

@: frozen ramparts
A: talons 1, big brain 1
a: Channel Magic, Renounce Religion


You were in the Dungeon.
You worshipped Sif Muna.
Sif Muna was pleased with you.
You visited 1 branch

Inventory:

Hand Weapons
 l - a +2 quarterstaff
 m - a +2 falchion
 n - a +0 long sword of flaming (weapon)
Armour
 a - a +0 robe (worn)
Scrolls
 h - a scroll of blinking
 i - 3 scrolls of remove curse
 j - 5 scrolls of amnesia
 k - a scroll of summoning
Potions
 b - 2 potions of invisibility
 c - 6 potions of curing
 d - 5 potions of heal wounds
 e - a potion of haste
 f - 4 potions of magic
 g - 3 potions of berserk rage


   Skills:
 - Level 1.7 Dodging
 - Level 1.7 Stealth
 - Level 2.0 Spellcasting
 + Level 6.7 Ice Magic


You had 2 spell levels left.
You knew the following spells:

 Your Spells              Type           Power        Failure   Level
a - Freeze                Ice            ####         1%          1
b - Frozen Ramparts       Ice            ####..       3%          3

Your spell library contained the following spells:

 Spells                   Type           Power        Failure   Level
 Ozocubu's Armour         Ice            ####....     3%          3
 Hailstorm                Conj/Ice       ##......     38%         4
 Summon Ice Beast         Ice/Summ       ##......     38%         4


Dungeon Overview and Level Annotations

Branches:
Dungeon (1/1)

Altars:
Ashenzari
Cheibriados
Dithmenos
Elyvilon
Fedhas
Gozag
Hepliaklqana
Kikubaaqudgha
Makhleb
Nemelex Xobeh
Okawaru
Qazlal
Ru
Sif Muna
Trog
Uskayaw
Vehumet
Wu Jian
Xom
Yredelemnul
Zin
The Shining One
Beogh
Jiyva
Lugonu


Innate Abilities, Weirdness & Mutations

You have sharp toenails.
You have an unusually large brain. (Int +2)


Message History

Casting: Freeze (safe; 1% risk of failure)
Confirm with . or Enter, or press ? or * to list all spells.
The spell is quite dangerous to cast (3% risk of failure)!
Continue anyway?
The walls around you are covered in ice.
The crimson imp is frozen!
The wall freezes the crimson imp!
The crimson imp blinks!
The wall freezes the centaur.
The centaur shoots an arrow.
The arrow hits you!
Ouch! That really hurt!
* * * LOW HITPOINT WARNING * * *
Unknown command.
Okay, then.
You feel much better.
The wall freezes the centaur.
The centaur shoots an arrow.
The arrow closely misses you.
Unknown command.
The wall freezes the centaur.
The centaur shoots an arrow.
The arrow hits you!
Ouch! That really hurt!
The wall freezes the centaur.
The centaur shoots an arrow.
The arrow hits you.
The wall freezes the centaur.
The wall freezes the centaur.
The centaur shoots an arrow.
The arrow hits you!
You die...

#'#####'#####.....
#.#..#...'.##.....
#.#..#...#.#####'#
#.#..#####.##.....
#(#..'..†#.##.....
#.#..'..)'.##.....
#.#..########...<.
#÷#..'[).).##.....
#@#..#[))).##.....
#'###########.....
#wc..5..# ######
#.......#
#w..#...# #..##
w.# #... .# #....
# #....


You could see a centaur and 2 worms.

Vanquished Creatures
  A gnoll (D)
  A river rat (D)
  An ooze (D)
  An adder zombie (D)
  A giant cockroach (D)
  A quokka (D)
  A ball python skeleton (D)
  2 bats (D)
  A rat (D)
10 creatures vanquished.

Notes
Turn   | Place    | Note
-------+----------+-------------------------------------------
     0 | D        | rocky1 the Demonspawn Ice Elementalist began the quest for
                  | the Orb.
     0 | D        | Reached XP level 1. HP: 13/13 MP: 3/3
    65 | D        | Found a bloodstained altar of Trog.
    65 | D        | Found a shimmering blue altar of Sif Muna.
    65 | D        | Found a viscous altar of Jiyva.
    65 | D        | Found a hazy altar of Hepliaklqana.
    65 | D        | Found an opulent altar of Gozag.
    66 | D        | Found a glowing golden altar of the Shining One.
    66 | D        | Found a glowing silver altar of Zin.
    66 | D        | Found a basalt altar of Yredelemnul.
    66 | D        | Found a shimmering altar of Xom.
    66 | D        | Found an ornate altar of the Wu Jian Council.
    66 | D        | Found a sacrificial altar of Ru.
    66 | D        | Found a stormy altar of Qazlal.
    66 | D        | Found an iron altar of Okawaru.
    66 | D        | Found a sparkling altar of Nemelex Xobeh.
    66 | D        | Found a burning altar of Makhleb.
    66 | D        | Found a blossoming altar of Fedhas.
    66 | D        | Found a white marble altar of Elyvilon.
    66 | D        | Found a shadowy altar of Dithmenos.
    66 | D        | Found a snail-covered altar of Cheibriados.
    69 | D        | Found a corrupted altar of Lugonu.
    69 | D        | Found a radiant altar of Vehumet.
    69 | D        | Found a roughly hewn altar of Beogh.
    70 | D        | Found an ancient bone altar of Kikubaaqudgha.
    70 | D        | Found a hide-covered altar of Uskayaw.
    70 | D        | Found a broken altar of Ashenzari.
    71 | D        | Became a worshipper of Sif Muna the Loreminder
    88 | D        | Reached skill level 4 in Ice Magic
   141 | D        | Reached * piety under Sif Muna
   142 | D        | Reached skill level 5 in Ice Magic
   145 | D        | Gained mutation: You have an unusually large brain. (Int
                  | +2) [demonic ancestry]
   145 | D        | Reached XP level 2. HP: 13/19 MP: 5/5
   368 | D        | Reached ** piety under Sif Muna
   380 | D        | Reached skill level 6 in Ice Magic
   491 | D        | Noticed a crimson imp
   491 | D        | Noticed a centaur
   498 | D        | Gained mutation: You have sharp toenails. [demonic
                  | ancestry]
   498 | D        | Reached XP level 3. HP: 6/24 MP: 6/6
   718 | D        | Learned a level 3 spell: Frozen Ramparts
   745 | D        | Shot with an arrow by a centaur

Illustrated notes

Levels and vault maps discovered:
D:        pitsprint [storerooms_1, entrance_room_1, metal_vault_2, armoury_1,
          mini_pit_1, grid_room_1, main_hall_1, silver_pit, the_coven_3,
          the_vestibule_1, steel_vault_1, golden_pit, hallway_of_sentries,
          crystal_vault_1, iron_vault_1, final_vault]

Skill      XL: |  1  2 |
---------------+-------+-----
Ice Magic      | 5 6 |  6.7
Dodging        | |  1.7
Stealth        | |  1.7
Spellcasting   | |  2.0

Action                   || total
-------------------------++-------
Melee: Unarmed           ||    12
       Falchion          ||    20
       Long sword        ||     3
 Cast: Freeze            ||     5
       Frozen Ramparts   ||     1
  Use: Potion            ||     1
 Stab: Sleeping          ||     1
Armor: Robe              ||    11
Dodge: Dodged            ||    39
       Rpst.: Falchion   ||     7

Table legend: (Time is in decaauts)
 A = Elapsed time spent in this place.
 B = Non-inter-level travel time spent in this place.
 C = Inter-level travel time spent in this place.
 D = Time resting spent in this place.
 E = Time spent auto-exploring this place.
 F = Levels seen in this place.
 G = Mean time per level.
                   A        B        C        D        E       F      G
               +--------+--------+--------+--------+--------+-----+--------+
         Total |    751 |    751 |      0 |    480 |      0 |   1 |  751.0 |
       Dungeon |    751 |    751 |      0 |    480 |      0 |   1 |  751.0 |
               +--------+--------+--------+--------+--------+-----+--------+

Top non-repeatable levels by time:
       D: 751 daAuts
